Map: Acropolis LE

Players

Lobster - Winner!

  • Race: Protoss Protoss
  • League: Diamond
  • Spawn Location: 5:00

Mez

  • Race: Terran Terran
  • League: Master
  • Spawn Location: 11:00

VOD

Have the link to the VOD?

Description

Time

  • Played on: July 28, 2019, 11:30 p.m.
  • Length: 12:47
Show
View Real Time Build Order
Export as new Build Order

Lobster Protoss - Winner!

Build Orders: 1 Gate Expand, Blink Stalkers 

Get SALT Encoding   

  12  0:00  Probe  
  13  0:12  Probe  
  14  0:19  Pylon  
  14  0:24  Probe  
  15  0:33  Probe  
  15  0:38  Gateway  
  15  0:41  Probe  
  17  0:52  Probe  
  18  0:57  Assimilator  
  18  1:04  Probe  
  19  1:23  Nexus  
  19  1:31  Probe  
  19  1:33  Cybernetics Core  
  19  1:39  Probe  
  20  1:40  Assimilator  
  21  1:52  Pylon  
  21  1:55  Probe  
  22  2:01  Stalker  
  22  2:07  Probe  
  23  2:13  Warp Gate  
  25  2:19  Probe  
  26  2:28  Twilight Council  
  26  2:32  Probe  
  26  2:33  Stalker  
  26  2:34  Probe  
  29  2:43  Probe  
  30  2:45  Probe  
  32  2:53  Probe  
  32  2:57  Probe  
  34  3:05  Probe, Blink  
  35  3:06  Stalker  
  35  3:12  Probe  
  38  3:25  Probe, Gateway  
  38  3:26  Gateway  
  39  3:30  Probe  
  40  3:41  Probe  
  40  3:42  Robotics Facility, Probe  
  42  3:49  Probe  
  42  3:50  Pylon  
  42  3:51  Pylon  
  42  3:54  Probe  
  44  3:57  Probe  
  44  4:00  Assimilator  
  44  4:02  Assimilator  
  45  4:07  Probe  
  45  4:08  Probe  
  47  4:19  Probe  
  47  4:22  Stalker x3  
  54  4:24  Probe  
  55  4:36  Immortal  
  55  4:37  Probe x2  
  57  4:41  Pylon  
  57  4:44  Pylon  
  59  4:59  Stalker x3  
  55  5:07  Warp Prism  
  54  5:16  Probe  
  54  5:20  Probe  
  58  5:25  Sentry x3  
  64  5:40  Probe x2  
  66  5:49  Forge  
  66  5:52  Forge  
  66  6:02  Nexus  
  66  6:03  Probe x2  
  68  6:05  Pylon  
  68  6:16  Stalker x3, Protoss Ground Weapons Level 1  
  72  6:25  Probe  
  72  6:26  Protoss Ground Armor Level 1, Probe  
  66  6:44  Stalker x3  
  66  6:45  Probe  
  66  6:46  Probe  
  70  6:58  Probe  
  67  7:08  Charge  
  67  7:10  Gateway  
  67  7:13  Stalker, Gateway  
  67  7:14  Stalker x2  
  73  7:16  Gateway x2  
  73  7:25  Immortal  
  61  7:45  Stalker x3  
  68  7:51  Probe x3  
  68  7:57  Immortal  
  70  8:03  Probe  
  75  8:08  Protoss Ground Weapons Level 2  
  73  8:18  Zealot x7  
  85  8:20  Protoss Ground Armor Level 2  
  85  8:23  Pylon  
  85  8:35  Robotics Bay  
  85  8:37  Probe x3, Assimilator  
  85  8:39  Assimilator  
  88  8:42  Zealot x3  
  88  8:43  Zealot  
  96  8:53  Probe x2  
  82  9:15  Stalker x4  
  82  9:16  Zealot x3, Robotics Facility  
  96  9:21  Colossus  
  96  9:25  Extended Thermal Lance  
  102  9:39  Pylon  
  102  9:41  Sentry x2, Pylon  
  106  9:57  Colossus  
  106  10:00  Stalker x2  
  106  10:01  Zealot x3  
  116  10:07  Gateway  
  116  10:10  Gateway  
  122  10:14  Gateway  
  122  10:15  Observer  
  123  10:23  Pylon  
  123  10:24  Pylon, Gateway  
  123  10:25  Pylon  
  121  10:29  Zealot x2  
  121  10:35  Pylon  
  123  10:38  Zealot  
  125  10:54  Stalker x4, Observer  
  127  11:09  Colossus x2  
  133  11:11  Zealot x4  
  133  11:12  Zealot x2  
  145  11:19  Stalker x2  
  145  11:37  Stalker x6  
  137  12:02  Zealot x8  
  135  12:40  Zealot x9  
Show
View Real Time Build Order
Export as new Build Order

Mez Terran 

Build Orders: Reaper Expand 

Get SALT Encoding   

  12  0:01  SCV  
  13  0:13  SCV  
  14  0:18  Supply Depot  
  14  0:25  SCV  
  15  0:39  SCV  
  15  0:40  Barracks  
  16  0:44  Refinery  
  16  0:51  SCV  
  17  1:03  SCV  
  18  1:15  SCV  
  19  1:30  Reaper, Orbital Command  
  20  1:47  Command Center  
  20  1:55  Barracks  
  20  1:58  SCV  
  21  2:04  Barracks Reactor  
  21  2:10  SCV  
  21  2:11  Supply Depot  
  22  2:23  Barracks  
  22  2:27  SCV  
  23  2:39  SCV  
  23  2:42  Marine x2  
  23  2:43  Barracks Tech Lab  
  26  2:51  SCV  
  27  3:00  Orbital Command  
  27  3:01  Marine x2  
  27  3:03  Concussive Shells, SCV, Marauder  
  32  3:12  Marine  
  33  3:15  SCV  
  33  3:19  Marine x2  
  36  3:27  SCV  
  36  3:28  SCV  
  36  3:30  Marauder, Supply Depot  
  40  3:37  Marine x2  
  40  3:38  Marine  
  40  3:39  SCV  
  40  3:40  SCV  
  45  3:47  Stimpack, Engineering Bay  
  45  3:51  SCV  
  45  3:52  SCV  
  45  3:54  Supply Depot  
  47  4:03  SCV  
  47  4:05  SCV  
  47  4:08  Marine  
  47  4:09  Marine x3  
  53  4:13  Refinery  
  53  4:15  SCV  
  53  4:17  SCV  
  55  4:20  Missile Turret  
  55  4:24  Factory  
  55  4:28  SCV  
  55  4:29  SCV  
  57  4:31  Marine x2  
  57  4:32  Marine  
  57  4:34  Refinery  
  59  4:40  SCV  
  59  4:41  SCV  
  61  4:52  SCV  
  62  4:54  SCV  
  56  5:07  Marine x3, Marauder  
  56  5:10  Factory Reactor  
  56  5:12  SCV x2, Starport  
  57  5:15  Supply Depot  
  57  5:18  Command Center  
  57  5:20  Bunker  
  56  5:26  Marine x2  
  58  5:29  Marauder  
  58  5:30  Barracks Tech Lab  
  58  5:34  SCV x2  
  62  5:38  Refinery  
  62  5:41  Supply Depot  
  62  5:45  Barracks x2  
  62  5:46  SCV, Marine  
  62  5:47  Marine  
  63  6:05  Marauder x2, Medivac x2  
  71  6:16  Marine x2  
  71  6:19  SCV, Orbital Command  
  72  6:26  Marine, Marauder  
  72  6:31  SCV  
  62  6:43  Medivac x2  
  60  6:47  Marine x2  
  60  6:48  Marauder x2  
  60  6:52  Marine x2  
  61  6:58  Orbital Command  
  54  7:05  Marine x2  
  52  7:09  Marauder x2  
  52  7:10  Marine x2  
  52  7:13  Medivac  
  58  7:23  Marine x2  
  58  7:26  Orbital Command  
  57  7:30  Marauder  
  57  7:31  Marauder  
  61  7:40  SCV  
  61  7:44  Barracks Reactor, Marine, Barracks Tech Lab  
  62  7:45  Marine  
  62  7:49  Terran Infantry Weapons Level 1  
  64  7:53  SCV  
  64  7:54  SCV  
  64  7:55  Refinery  
  66  8:00  Orbital Command  
  66  8:02  Marine, Marauder x2  
  66  8:03  Marine x2  
  66  8:05  SCV  
  74  8:06  SCV  
  72  8:17  SCV  
  72  8:18  SCV  
  73  8:21  Marauder  
  73  8:25  Marauder x2  
  79  8:29  SCV, Marine x4  
  79  8:31  SCV  
  86  8:41  SCV  
  86  8:42  Marauder  
  86  8:43  SCV  
  86  8:45  Armory  
  86  8:46  Engineering Bay  
  89  8:49  Orbital Command  
  89  8:53  Marauder x2  
  89  8:54  Marine, Supply Depot  
  89  8:55  SCV x2, Supply Depot  
  93  8:56  Marine  
  92  9:04  Marauder  
  92  9:07  SCV x2  
  91  9:12  Marine x2  
  91  9:15  SCV, Marine x2  
  91  9:16  Marauder x2  
  100  9:19  SCV x2, Medivac  
  100  9:21  Medivac  
  106  9:25  Marauder  
  106  9:29  Supply Depot x2  
  106  9:30  Terran Infantry Armor Level 1  
  108  9:34  SCV  
  109  9:50  SCV x2, Marine x5  
  109  9:51  Marauder x2, Ghost Academy  
  120  9:53  Refinery  
  120  9:54  Terran Infantry Weapons Level 2  
  120  9:59  SCV  
  121  10:02  SCV x2  
  121  10:03  Supply Depot  
  123  10:07  Supply Depot  
  123  10:08  Marine x2  
  125  10:17  Supply Depot  
  125  10:18  Supply Depot  
  125  10:24  SCV x2, Marine x2  
  125  10:25  Marauder x2  
  125  10:28  Marine, Medivac x2  
  138  10:37  Marine, Marauder  
  138  10:41  Command Center  
  138  10:42  Marine  
  142  10:46  Marauder  
  134  11:09  Marine x4, Marauder x3  
  130  11:18  Barracks, Medivac x2  
  134  11:19  Barracks x2  
  134  11:21  SCV x2  
  134  11:23  Refinery  
  134  11:25  Combat Shield  
  136  11:26  Marine  
  136  11:30  Marauder  
  132  11:38  Marine, Marauder  
  132  11:39  Marauder  
  105  12:02  Marine x4, Marauder x3, Medivac  
  105  12:03  Medivac  
  119  12:10  Barracks Tech Lab x3  
  119  12:12  Barracks Reactor  
  116  12:23  Marauder x2  
Tags
 
Add a new tag
Caveats
  • Supply blocks, unpowered buildings, or Contaminate may cause inaccurate times.
  • Supply counts are checked every 10 seconds.